Canadiens vs Wild

Created - 21 avril 2024 at 17:08

Goals
1 2 3 OT1 SO T
Canadiens 0 1 1 0 1 2
Wild 0 2 0 0 2 3
Shots
1 2 3 OT1 SO T
Canadiens 9 13 15 3 4 40
Wild 18 18 4 4 4 44

GoalsPenalties
1st period
No Goal
2nd period
1. Wild , Patrice Bergeron 34 (Brad Marchand 27) at 2:36
2. Wild , Patrice Bergeron 35 (Ryan Nugent-Hopkins 55) at 6:49
3. Canadiens , Victor Hedman 9 (J.T. Compher 30, Henri Jokiharju 16) at 18:12
Patrice Bergeron (MIW) for Holding (Minor) at 15:38
3rd period
4. Canadiens , Chris Kreider 32 (Mathew Barzal 45, Valeri Nichushkin 34) at 19:19
Adrian Kempe (MIW) for Interference (Minor) at 5:31
Yakov Trenin (MIW) for Interference (Minor) at 19:22
Overtime #1
No Goal
Shootout
Canadiens, Anton Lundell - Goal!
Wild, Ryan Nugent-Hopkins - Stopped by Ilya Samsonov
Canadiens, Valeri Nichushkin - Shot Misses the Net
Wild, Patrice Bergeron - Goal!
Canadiens, Ryan O'Reilly - Stopped by Jake Oettinger
Wild, William Nylander - Shot Misses the Net
Canadiens, Chris Kreider - Shot Misses the Net
Wild, Brad Marchand - Goal!
Goalie Stats
Ilya Samsonov (MTL), 42 saves from 44 shots - (0,955), OTL, 22-23-5, 64:40 minutes
Jake Oettinger (MIW), 38 saves from 40 shots - (0,950), W, 38-15-6, 65:00 minutes
3 StarsOfficial
1 - Ilya Samsonov (MTL)
2 - Jake Oettinger (MIW)
3 - Patrice Bergeron (MIW)
Referees : Andrew Howard and TJ Luxmore
Linesman : Tony Sericolo and Jeff Walker
Game Note
No Game Note
Finance
Level 1 -- Attendance: 6000 (100,00%) -- Ticket Income $600,000
Level 2 -- Attendance: 5000 (100,00%) -- Ticket Income $300,000
Level 3 -- Attendance: 2000 (100,00%) -- Ticket Income $70,000
Level 4 -- Attendance: 4000 (100,00%) -- Ticket Income $80,000
Luxury Box -- Attendance: 1000 (100,00%) -- Ticket Income $200,000
Game was played at the Xcel Enery Center.
Total Attendance: 18000 (100,00%)
Total Ticket Income: $1,250,000
Other Income: $612,500
Total Income: $1,862,500



Team Name Goals Shots Shots Attemp Shots Blocked PIM HIT PP PK FO%
Canadiens 2408790140 / 3 (0%)043%
Wild 34476166180 / 0 (0,00%057%

Canadiens
Player Name POS G A P +/- PIM HIT SHT SB MP PP MP PP SHT PK MP PK SHT FO% FOT GA TA
Adam LarssonD000-2030020:370:0000:0000% 001
Andrew MangiapaneC/LW/RW0000001016:582:0100:0000% 101
Anton LundellC/LW0000014015:190:0000:0000% 110
Chris KreiderC/LW/RW1011012119:252:3400:0000% 200
Christian DvorakC/LW0000001215:190:0000:00040% 2010
Henri JokiharjuD0110012118:591:3200:0000% 001
J.T. CompherC/LW/RW0110022115:540:0000:00053% 1500
Jakob ChychrunD000-1010023:223:0300:0000% 000
Jani HakanpaaD0001011218:420:0000:0000% 002
Jeff SkinnerC/LW/RW000-1006119:042:0100:0000% 120
Jonathan DrouinC/LW/RW000001208:490:0000:0000% 110
Mathew BarzalC/RW0111007021:092:3410:00017% 1200
Nick FolignoC/LW/RW000000208:560:0000:0000% 100
Noah CatesC/LW/RW000001318:360:0000:00040% 501
Ryan O'ReillyC/LW/RW000-1000019:242:0100:00073% 1501
Travis HamonicD0000013020:021:3200:0000% 000
Valeri NichushkinLW/RW0110001021:072:3400:00067% 310
Victor HedmanD1012013025:003:0310:0000% 001
Wild
Player Name POS G A P +/- PIM HIT SHT SB MP PP MP PP SHT PK MP PK SHT FO% FOT GA TA
Adrian KempeLW/RW0000203016:140:0000:510100% 220
Alex DeBrincatLW/RW0000014114:310:0000:0200% 010
Brad MarchandLW/RW0112022320:240:0001:260100% 100
Brandon CarloD000-2012220:440:0003:3400% 001
Brayden McNabbD000-1031126:020:0002:2300% 000
Devon ToewsD0000020327:500:0002:2300% 002
Elias LindholmC/RW0000013017:520:0002:49075% 1600
Jack EichelC/RW000-100108:000:0000:0000% 010
Joe PavelskiC/LW/RW0000001214:280:0000:00054% 1310
Kevin ShattenkirkD000-1012217:470:0000:0000% 000
Kevin StenlundC/RW000-2010111:350:0003:21020% 510
Kirill MarchenkoRW000-101008:000:0000:0000% 000
Mario FerraroD0002011018:510:0003:3400% 013
Mark GiordanoD0002000015:100:0000:0000% 000
Patrice BergeronC2021203020:210:0000:00054% 3500
Ryan Nugent-HopkinsC/LW0111039021:540:0001:320100% 100
William NylanderC/LW/RW0000009115:400:0000:00033% 310
Yakov TreninC/LW0000213015:010:0000:3100% 100

Canadiens

5 vs 5 Forward
Line #Left WingCenterRight WingPHYDFOFWanted %Time %Time Play
1Valeri NichushkinRyan O'ReillyJeff Skinner0232828%15:25
2Chris KreiderJ.T. CompherMathew Barzal0232828%15:33
3Anton LundellChristian DvorakAndrew Mangiapane0232828%15:19
4Nick FolignoNoah CatesJonathan Drouin0231616%8:36
5 vs 5 Defense
Line #DefenseDefensePHYDFOFWanted %Time %Time Play
1Victor HedmanJani Hakanpaa0323333%18:06
2Adam LarssonJakob Chychrun0323334%18:38
3Travis HamonicHenri Jokiharju0323132%17:26
4Adam LarssonVictor Hedman03231%0:43
Power Play Forward
Line #Left WingCenterRight WingPHYDFOFWanted %Time %Time Play
1Valeri NichushkinMathew BarzalChris Kreider0055556%2:34
2Andrew MangiapaneRyan O'ReillyJeff Skinner0054544%2:01
Power Play Defense
Line #DefenseDefensePHYDFOFWanted %Time %Time Play
1Victor HedmanJakob Chychrun0145567%3:03
2Henri JokiharjuTravis Hamonic0144533%1:32
Penalty Kill 4 Players Forward
Line #CenterWingPHYDFOFWanted %Time %Time Play
1Christian DvorakAnton Lundell041500%0:00
2Ryan O'ReillyJ.T. Compher041500%0:00
Penalty Kill 4 Players Defense
Line #DefenseDefensePHYDFOFWanted %Time %Time Play
1Adam LarssonJani Hakanpaa041500%0:00
2Henri JokiharjuTravis Hamonic041500%0:00
Penalty Kill 3 Players
Line #WingPHYDFOFWanted %Time %Time PlayDefenseDefensePHYDFOFWanted %Time %Time Play
1Christian Dvorak050500%0:00 Adam LarssonJani Hakanpaa050500%0:00
2Ryan O'Reilly050500%0:00 Victor HedmanTravis Hamonic050500%0:00
4 vs 4 Forward
Line #CenterWingPHYDFOFWanted %Time %Time Play
1Mathew BarzalChris Kreider0235054%0:44
2Ryan O'ReillyValeri Nichushkin0235046%0:38
4 vs 4 Defense
Line #DefensePHYDFOFWanted %Time %Time Play
1Adam LarssonTravis Hamonic0235052%50% - 0:43
2Jani HakanpaaVictor Hedman0235048%50% - 0:39
Last Minutes Offensive
Left WingCenterRight WingDefenseDefense
Valeri NichushkinMathew BarzalChris KreiderVictor HedmanJakob Chychrun
Last Minutes Defensive
Left WingCenterRight WingDefenseDefense
Ryan O'ReillyChristian DvorakAnton LundellAdam LarssonJani Hakanpaa
Time
Total ForwardTotal DefenseLast Minutes OffensiveLast Minutes Defensive
61:22 61:22 0:320:00
Extra Forwards
Normal PowerPlayPenalty Kill
Jeff Skinner, Anton Lundell, Nick FolignoJ.T. Compher, Jonathan DrouinJ.T. Compher
Extra Defensemen
Normal PowerPlayPenalty Kill
Travis Hamonic, Henri Jokiharju, Adam LarssonJani Hakanpaa, Jakob ChychrunHenri Jokiharju
Penalty Shots
Anton Lundell, Valeri Nichushkin, Ryan O'Reilly, Chris Kreider, Christian Dvorak
Goalie
Ilya Samsonov, Craig Anderson
Custom OT Lines Forwards
Mathew Barzal, Valeri Nichushkin, Jeff Skinner, Ryan O'Reilly, Chris Kreider, J.T. Compher, Andrew Mangiapane, Anton Lundell, Jonathan Drouin, Nick Foligno
Custom OT Lines Defensemen
Victor Hedman, Jakob Chychrun, Henri Jokiharju, Adam Larsson, Jani Hakanpaa
Scratches
Emil Bemstrom (Healthy)

Wild

5 vs 5 Forward
Line #Left WingCenterRight WingPHYDFOFWanted %Time %Time Play
1Ryan Nugent-HopkinsPatrice BergeronBrad Marchand0233533%17:52
2William NylanderElias LindholmAdrian Kempe0142727%14:33
3Yakov TreninJoe PavelskiAlex DeBrincat0232526%14:28
4Kirill MarchenkoKevin StenlundJack Eichel1221315%8:00
5 vs 5 Defense
Line #DefenseDefensePHYDFOFWanted %Time %Time Play
1Devon ToewsBrayden McNabb0234039%21:38
2Brandon CarloKevin Shattenkirk0233030%16:35
3Mario FerraroMark Giordano1222528%15:10
4Devon ToewsBrayden McNabb02353%1:30
Power Play Forward
Line #Left WingCenterRight WingPHYDFOFWanted %Time %Time Play
1William NylanderPatrice BergeronRyan Nugent-Hopkins005600%0:00
2Brad MarchandJoe PavelskiAlex DeBrincat005400%0:00
Power Play Defense
Line #DefenseDefensePHYDFOFWanted %Time %Time Play
1Devon ToewsElias Lindholm014600%0:00
2Kevin ShattenkirkAdrian Kempe014400%0:00
Penalty Kill 4 Players Forward
Line #CenterWingPHYDFOFWanted %Time %Time Play
1Elias LindholmKevin Stenlund0506089%4:06
2Ryan Nugent-HopkinsYakov Trenin0504011%0:29
Penalty Kill 4 Players Defense
Line #DefenseDefensePHYDFOFWanted %Time %Time Play
1Mario FerraroBrandon Carlo1406062%2:50
2Brayden McNabbDevon Toews0504038%1:45
Penalty Kill 3 Players
Line #WingPHYDFOFWanted %Time %Time PlayDefenseDefensePHYDFOFWanted %Time %Time Play
1Kevin Stenlund1406080%1:06 Mario FerraroBrandon Carlo0506054%0:44
2Yakov Trenin1404020%0:16 Brayden McNabbDevon Toews0504046%0:38
4 vs 4 Forward
Line #CenterWingPHYDFOFWanted %Time %Time Play
1Ryan Nugent-HopkinsWilliam Nylander122600%0:00
2Patrice BergeronBrad Marchand122400%0:00
4 vs 4 Defense
Line #DefensePHYDFOFWanted %Time %Time Play
1Devon ToewsBrayden McNabb122600%0:00
2Kevin ShattenkirkMario Ferraro122400%0:00
Last Minutes Offensive
Left WingCenterRight WingDefenseDefense
William NylanderPatrice BergeronBrad MarchandDevon ToewsMario Ferraro
Last Minutes Defensive
Left WingCenterRight WingDefenseDefense
Ryan Nugent-HopkinsPatrice BergeronKevin StenlundBrandon CarloBrayden McNabb
Time
Total ForwardTotal DefenseLast Minutes OffensiveLast Minutes Defensive
61:22 61:22 0:000:32
Extra Forwards
Normal PowerPlayPenalty Kill
Adrian Kempe, Elias Lindholm, Alex DeBrincatAdrian Kempe, Elias LindholmAdrian Kempe
Extra Defensemen
Normal PowerPlayPenalty Kill
Mario Ferraro, Kevin Shattenkirk, Devon ToewsMario Ferraro, Mario FerraroBrayden McNabb
Penalty Shots
Ryan Nugent-Hopkins, Patrice Bergeron, William Nylander, Brad Marchand, Adrian Kempe
Goalie
Jake Oettinger, James Reimer
Custom OT Lines Forwards
Ryan Nugent-Hopkins, Patrice Bergeron, William Nylander, Brad Marchand, Adrian Kempe, Elias Lindholm, Alex DeBrincat, Jack Eichel, Kirill Marchenko, Yakov Trenin
Custom OT Lines Defensemen
Devon Toews, Kevin Shattenkirk, Brayden McNabb, Mario Ferraro, Mark Giordano
Scratches
Chris Tierney (Healthy)


Play-by-Play

1st period


0:01 of 1st period - Patrice Bergeron wins face-off versus Valeri Nichushkin in neutral zone.
0:28 of 1st period - Devon Toews is hit by Victor Hedman and loses puck.
0:35 of 1st period - Snap shot by Mathew Barzal.
0:35 of 1st period - Stopped by Jake Oettinger without a rebound.
0:36 of 1st period - Joe Pavelski wins face-off versus Christian Dvorak in Wild zone.
1:01 of 1st period - Kevin Shattenkirk is hit by Chris Kreider and loses puck.
1:28 of 1st period - Jakob Chychrun is hit by Mario Ferraro and loses puck.
2:45 of 1st period - Brad Marchand is hit by Travis Hamonic and loses puck.
3:06 of 1st period - Wrist shot by William Nylander.
3:06 of 1st period - Stopped by Ilya Samsonov with a rebound.
3:08 of 1st period - Wrist shot by Adrian Kempe.
3:08 of 1st period - Shot Misses the Net.
3:10 of 1st period - Snap shot by Elias Lindholm.
3:10 of 1st period - Stopped by Ilya Samsonov with a rebound.
3:34 of 1st period - Anton Lundell is hit by Brayden McNabb and loses puck.
4:22 of 1st period - Icing by Victor Hedman.
4:23 of 1st period - Elias Lindholm wins face-off versus Nick Foligno in Canadiens zone.
4:30 of 1st period - Wrist shot by Noah Cates.
4:30 of 1st period - Deflect By Nick Foligno.
4:30 of 1st period - Stopped by Jake Oettinger with a rebound.
4:55 of 1st period - Off-side.
4:56 of 1st period - Patrice Bergeron wins face-off versus Ryan O'Reilly in neutral zone.
4:59 of 1st period - Slapshot by Ryan Nugent-Hopkins.
4:59 of 1st period - Shot Misses the Net.
5:11 of 1st period - Snap shot by Brad Marchand.
5:11 of 1st period - Shot Misses the Net.
5:13 of 1st period - Wrist shot by Ryan Nugent-Hopkins.
5:13 of 1st period - Stopped by Ilya Samsonov with a rebound.
5:29 of 1st period - Wrist shot by Anton Lundell.
5:29 of 1st period - Stopped by Jake Oettinger without a rebound.
5:30 of 1st period - Christian Dvorak wins face-off versus Elias Lindholm in Wild zone.
5:43 of 1st period - Slapshot by William Nylander.
5:43 of 1st period - Stopped by Ilya Samsonov without a rebound.
5:44 of 1st period - J.T. Compher wins face-off versus Patrice Bergeron in Canadiens zone.
6:54 of 1st period - Brandon Carlo is hit by Noah Cates and loses puck.
7:38 of 1st period - Adam Larsson is hit by Brayden McNabb and loses puck.
8:03 of 1st period - Slapshot by Jack Eichel.
8:03 of 1st period - Deflect By Kirill Marchenko.
8:03 of 1st period - Shot Misses the Net.
8:03 of 1st period - Puck is out of play.
8:04 of 1st period - Ryan O'Reilly wins face-off versus Kevin Stenlund in Canadiens zone.
8:13 of 1st period - Wrist shot by Valeri Nichushkin.
8:13 of 1st period - Shot Misses the Net.
8:15 of 1st period - Slapshot by Travis Hamonic.
8:15 of 1st period - Deflect By Valeri Nichushkin.
8:15 of 1st period - Shot Blocked by Devon Toews.
8:15 of 1st period - Puck is out of play.
8:16 of 1st period - J.T. Compher wins face-off versus Patrice Bergeron in Wild zone.
8:33 of 1st period - Wrist shot by Patrice Bergeron.
8:33 of 1st period - Shot Blocked by Chris Kreider.
8:51 of 1st period - Snap shot by Ryan Nugent-Hopkins.
8:51 of 1st period - Shot Misses the Net.
8:57 of 1st period - Slapshot by Ryan Nugent-Hopkins.
8:57 of 1st period - Shot Misses the Net.
9:07 of 1st period - Snap shot by Ryan Nugent-Hopkins.
9:07 of 1st period - Stopped by Ilya Samsonov without a rebound.
9:08 of 1st period - Adrian Kempe wins face-off versus Christian Dvorak in Canadiens zone.
9:11 of 1st period - Snap shot by William Nylander.
9:11 of 1st period - Stopped by Ilya Samsonov without a rebound.
9:12 of 1st period - Elias Lindholm wins face-off versus Anton Lundell in Canadiens zone.
9:13 of 1st period - Wrist shot by William Nylander.
9:13 of 1st period - Stopped by Ilya Samsonov with a rebound.
9:46 of 1st period - Snap shot by Joe Pavelski.
9:46 of 1st period - Shot Misses the Net.
10:22 of 1st period - Slapshot by Jonathan Drouin.
10:22 of 1st period - Shot Blocked by Kevin Shattenkirk.
10:24 of 1st period - Slapshot by Henri Jokiharju.
10:24 of 1st period - Stopped by Jake Oettinger without a rebound.
10:25 of 1st period - William Nylander wins face-off versus Noah Cates in Wild zone.
10:42 of 1st period - Nick Foligno is hit by Devon Toews and loses puck.
10:49 of 1st period - Devon Toews is hit by Adam Larsson and loses puck.
11:22 of 1st period - Snap shot by Noah Cates.
11:22 of 1st period - Shot Misses the Net.
11:24 of 1st period - Snap shot by Noah Cates.
11:24 of 1st period - Stopped by Jake Oettinger without a rebound.
11:25 of 1st period - Patrice Bergeron wins face-off versus Christian Dvorak in Wild zone.
11:40 of 1st period - Wrist shot by Ryan Nugent-Hopkins.
11:40 of 1st period - Stopped by Ilya Samsonov with a rebound.
11:42 of 1st period - Slapshot by Brandon Carlo.
11:42 of 1st period - Stopped by Ilya Samsonov with a rebound.
12:37 of 1st period - Snap shot by Brad Marchand.
12:37 of 1st period - Shot Misses the Net.
12:49 of 1st period - Brad Marchand is hit by J.T. Compher and loses puck.
13:10 of 1st period - Yakov Trenin is hit by Jonathan Drouin and loses puck.
13:32 of 1st period - Icing by Anton Lundell.
13:33 of 1st period - Elias Lindholm wins face-off versus Christian Dvorak in Canadiens zone.
13:48 of 1st period - Icing by Christian Dvorak.
13:49 of 1st period - Christian Dvorak wins face-off versus Patrice Bergeron in Canadiens zone.
14:04 of 1st period - Anton Lundell is hit by Brayden McNabb and loses puck.
14:20 of 1st period - Off-side.
14:21 of 1st period - Ryan O'Reilly wins face-off versus Yakov Trenin in neutral zone.
14:30 of 1st period - Wrist shot by Valeri Nichushkin.
14:30 of 1st period - Shot Blocked by Brandon Carlo.
14:32 of 1st period - Slapshot by Jeff Skinner.
14:32 of 1st period - Shot Misses the Net.
14:34 of 1st period - Slapshot by Travis Hamonic.
14:34 of 1st period - Stopped by Jake Oettinger without a rebound.
14:35 of 1st period - Brad Marchand wins face-off versus Mathew Barzal in Wild zone.
14:50 of 1st period - Slapshot by Ryan Nugent-Hopkins.
14:50 of 1st period - Shot Misses the Net.
15:25 of 1st period - Wrist shot by Jack Eichel.
15:25 of 1st period - Stopped by Ilya Samsonov without a rebound.
15:26 of 1st period - Christian Dvorak wins face-off versus Kevin Stenlund in Canadiens zone.
15:51 of 1st period - J.T. Compher is hit by Brad Marchand and loses puck.
16:14 of 1st period - Slapshot by Ryan Nugent-Hopkins.
16:14 of 1st period - Stopped by Ilya Samsonov with a rebound.
16:16 of 1st period - Snap shot by William Nylander.
16:16 of 1st period - Stopped by Ilya Samsonov with a rebound.
16:18 of 1st period - Snap shot by Adrian Kempe.
16:18 of 1st period - Shot Misses the Net.
16:20 of 1st period - Slapshot by Mario Ferraro.
16:20 of 1st period - Deflect By Valeri Nichushkin.
16:20 of 1st period - Stopped by Ilya Samsonov without a rebound.
16:21 of 1st period - Ryan O'Reilly wins face-off versus Elias Lindholm in Canadiens zone.
16:30 of 1st period - Snap shot by Valeri Nichushkin.
16:30 of 1st period - Deflect By Ryan O'Reilly.
16:30 of 1st period - Shot Misses the Net.
16:30 of 1st period - Puck is out of play.
16:31 of 1st period - Ryan O'Reilly wins face-off versus Patrice Bergeron in Wild zone.
16:36 of 1st period - Snap shot by Jeff Skinner.
16:36 of 1st period - Stopped by Jake Oettinger without a rebound.
16:37 of 1st period - Patrice Bergeron wins face-off versus Mathew Barzal in Wild zone.
16:44 of 1st period - Snap shot by Ryan Nugent-Hopkins.
16:44 of 1st period - Stopped by Ilya Samsonov without a rebound.
16:45 of 1st period - J.T. Compher wins face-off versus Joe Pavelski in Canadiens zone.
17:02 of 1st period - Snap shot by Mathew Barzal.
17:02 of 1st period - Stopped by Jake Oettinger with a rebound.
18:02 of 1st period - Snap shot by Patrice Bergeron.
18:02 of 1st period - Shot Blocked by Jeff Skinner.
18:08 of 1st period - Slapshot by Ryan O'Reilly.
18:08 of 1st period - Shot Hit the Post.
18:30 of 1st period - Slapshot by Elias Lindholm.
18:30 of 1st period - Shot Misses the Net.
18:32 of 1st period - Slapshot by Devon Toews.
18:32 of 1st period - Deflect By Elias Lindholm.
18:32 of 1st period - Shot Blocked by Christian Dvorak.
18:32 of 1st period - Puck is out of play.
18:33 of 1st period - Joe Pavelski wins face-off versus J.T. Compher in Canadiens zone.
18:38 of 1st period - Slapshot by Alex DeBrincat.
18:38 of 1st period - Stopped by Ilya Samsonov with a rebound.
18:40 of 1st period - Snap shot by Yakov Trenin.
18:40 of 1st period - Stopped by Ilya Samsonov with a rebound.
18:42 of 1st period - Wrist shot by Alex DeBrincat.
18:42 of 1st period - Stopped by Ilya Samsonov with a rebound.
18:44 of 1st period - Slapshot by Brandon Carlo.
18:44 of 1st period - Deflect By Yakov Trenin.
18:44 of 1st period - Stopped by Ilya Samsonov with a rebound.
18:46 of 1st period - Wrist shot by Joe Pavelski.
18:46 of 1st period - Shot Misses the Net.
18:48 of 1st period - Wrist shot by Yakov Trenin.
18:48 of 1st period - Shot Misses the Net.
19:08 of 1st period - Snap shot by William Nylander.
19:08 of 1st period - Shot Misses the Net.
19:21 of 1st period - Off-side.
19:22 of 1st period - Christian Dvorak wins face-off versus Kevin Stenlund in neutral zone.
19:31 of 1st period - Slapshot by Anton Lundell.
19:31 of 1st period - Stopped by Jake Oettinger with a rebound.
19:33 of 1st period - Snap shot by Christian Dvorak.
19:33 of 1st period - Shot Misses the Net.
19:35 of 1st period - Slapshot by Travis Hamonic.
19:35 of 1st period - Shot Blocked by Brandon Carlo.
Goals for this period are 0 for Canadiens vs 0 for Wild.
Shots for this period are 9 for Canadiens vs 18 for Wild.

2nd period


0:01 of 2nd period - J.T. Compher wins face-off versus Joe Pavelski in neutral zone.
0:08 of 2nd period - Snap shot by J.T. Compher.
0:08 of 2nd period - Shot Blocked by Joe Pavelski.
0:10 of 2nd period - Wrist shot by J.T. Compher.
0:10 of 2nd period - Shot Misses the Net.
0:28 of 2nd period - Icing by Devon Toews.
0:29 of 2nd period - Patrice Bergeron wins face-off versus Ryan O'Reilly in Wild zone.
1:09 of 2nd period - Icing by Henri Jokiharju.
1:10 of 2nd period - Joe Pavelski wins face-off versus J.T. Compher in Canadiens zone.
1:35 of 2nd period - Snap shot by J.T. Compher.
1:35 of 2nd period - Shot Blocked by Devon Toews.
2:03 of 2nd period - Snap shot by Jeff Skinner.
2:03 of 2nd period - Deflect By Valeri Nichushkin.
2:03 of 2nd period - Shot Misses the Net.
2:03 of 2nd period - Puck is out of play.
2:04 of 2nd period - Joe Pavelski wins face-off versus Christian Dvorak in Wild zone.
2:29 of 2nd period - Ryan O'Reilly is hit by Ryan Nugent-Hopkins and loses puck.
2:36 of 2nd period - Slapshot by Patrice Bergeron.
2:36 of 2nd period - Goal by Patrice Bergeron - Canadiens : 0 - Wild : 1.
2:37 of 2nd period - Elias Lindholm wins face-off versus Jonathan Drouin in neutral zone.
2:53 of 2nd period - Off-side.
2:54 of 2nd period - Valeri Nichushkin wins face-off versus Patrice Bergeron in neutral zone.
3:08 of 2nd period - Slapshot by Patrice Bergeron.
3:08 of 2nd period - Stopped by Ilya Samsonov without a rebound.
3:09 of 2nd period - Christian Dvorak wins face-off versus Elias Lindholm in Canadiens zone.
3:25 of 2nd period - Wrist shot by Adrian Kempe.
3:25 of 2nd period - Stopped by Ilya Samsonov with a rebound.
3:42 of 2nd period - Snap shot by Alex DeBrincat.
3:42 of 2nd period - Shot Misses the Net.
4:14 of 2nd period - Adam Larsson is hit by Kevin Shattenkirk and loses puck.
4:43 of 2nd period - Slapshot by Jakob Chychrun.
4:43 of 2nd period - Shot Misses the Net.
4:45 of 2nd period - Wrist shot by Anton Lundell.
4:45 of 2nd period - Shot Misses the Net.
4:55 of 2nd period - Slapshot by William Nylander.
4:55 of 2nd period - Stopped by Ilya Samsonov without a rebound.
4:56 of 2nd period - Ryan O'Reilly wins face-off versus Joe Pavelski in Canadiens zone.
6:35 of 2nd period - Snap shot by Yakov Trenin.
6:35 of 2nd period - Stopped by Ilya Samsonov with a rebound.
6:37 of 2nd period - Snap shot by Brayden McNabb.
6:37 of 2nd period - Stopped by Ilya Samsonov without a rebound.
6:38 of 2nd period - Patrice Bergeron wins face-off versus J.T. Compher in Canadiens zone.
6:47 of 2nd period - Snap shot by Ryan Nugent-Hopkins.
6:47 of 2nd period - Stopped by Ilya Samsonov with a rebound.
6:49 of 2nd period - Wrist shot by Patrice Bergeron.
6:49 of 2nd period - Goal by Patrice Bergeron - Canadiens : 0 - Wild : 2.
6:50 of 2nd period - Christian Dvorak wins face-off versus Patrice Bergeron in neutral zone.
7:19 of 2nd period - Icing by Chris Kreider.
7:20 of 2nd period - Elias Lindholm wins face-off versus J.T. Compher in Canadiens zone.
7:34 of 2nd period - Jakob Chychrun is hit by Brandon Carlo and loses puck.
7:37 of 2nd period - Snap shot by Adam Larsson.
7:37 of 2nd period - Shot Misses the Net.
7:39 of 2nd period - Snap shot by Chris Kreider.
7:39 of 2nd period - Stopped by Jake Oettinger with a rebound.
8:39 of 2nd period - Snap shot by Mathew Barzal.
8:39 of 2nd period - Stopped by Jake Oettinger without a rebound.
8:40 of 2nd period - Patrice Bergeron wins face-off versus Christian Dvorak in Wild zone.
8:49 of 2nd period - Snap shot by Ryan Nugent-Hopkins.
8:49 of 2nd period - Shot Blocked by Jani Hakanpaa.
9:07 of 2nd period - Snap shot by Alex DeBrincat.
9:07 of 2nd period - Stopped by Ilya Samsonov without a rebound.
9:08 of 2nd period - Joe Pavelski wins face-off versus Noah Cates in Canadiens zone.
10:20 of 2nd period - Slapshot by Alex DeBrincat.
10:20 of 2nd period - Stopped by Ilya Samsonov without a rebound.
10:21 of 2nd period - Patrice Bergeron wins face-off versus J.T. Compher in Canadiens zone.
10:49 of 2nd period - William Nylander is hit by Anton Lundell.
10:59 of 2nd period - Snap shot by Anton Lundell.
10:59 of 2nd period - Shot Misses the Net.
11:15 of 2nd period - Snap shot by Jeff Skinner.
11:15 of 2nd period - Stopped by Jake Oettinger with a rebound.
11:17 of 2nd period - Slapshot by Jani Hakanpaa.
11:17 of 2nd period - Stopped by Jake Oettinger with a rebound.
11:19 of 2nd period - Slapshot by Victor Hedman.
11:19 of 2nd period - Stopped by Jake Oettinger with a rebound.
11:21 of 2nd period - Backhand shot by Jeff Skinner.
11:21 of 2nd period - Stopped by Jake Oettinger with a rebound.
11:23 of 2nd period - Slapshot by Victor Hedman.
11:23 of 2nd period - Shot Misses the Net.
11:35 of 2nd period - Slapshot by Jack Eichel.
11:35 of 2nd period - Shot Misses the Net.
11:45 of 2nd period - Brayden McNabb is hit by Jani Hakanpaa and loses puck.
11:53 of 2nd period - Icing by Jack Eichel.
11:54 of 2nd period - J.T. Compher wins face-off versus Kevin Stenlund in Wild zone.
12:01 of 2nd period - Snap shot by Anton Lundell.
12:01 of 2nd period - Shot Blocked by Brayden McNabb.
12:03 of 2nd period - Snap shot by Henri Jokiharju.
12:03 of 2nd period - Stopped by Jake Oettinger without a rebound.
12:04 of 2nd period - Patrice Bergeron wins face-off versus Christian Dvorak in Wild zone.
12:15 of 2nd period - Snap shot by Christian Dvorak.
12:15 of 2nd period - Shot Misses the Net.
12:17 of 2nd period - Snap shot by Jakob Chychrun.
12:17 of 2nd period - Shot Misses the Net.
12:56 of 2nd period - Chris Kreider is hit by Kevin Stenlund.
13:48 of 2nd period - Snap shot by Christian Dvorak.
13:48 of 2nd period - Stopped by Jake Oettinger with a rebound.
13:58 of 2nd period - Mark Giordano is hit by Henri Jokiharju and loses puck.
14:07 of 2nd period - Snap shot by William Nylander.
14:07 of 2nd period - Stopped by Ilya Samsonov with a rebound.
14:09 of 2nd period - Slapshot by Brandon Carlo.
14:09 of 2nd period - Stopped by Ilya Samsonov without a rebound.
14:10 of 2nd period - Christian Dvorak wins face-off versus Joe Pavelski in Canadiens zone.
14:25 of 2nd period - Snap shot by Alex DeBrincat.
14:25 of 2nd period - Deflect By Joe Pavelski.
14:25 of 2nd period - Stopped by Ilya Samsonov with a rebound.
14:38 of 2nd period - Icing by Brad Marchand.
14:39 of 2nd period - Patrice Bergeron wins face-off versus Noah Cates in Wild zone.
14:39 of 2nd period - Patrice Bergeron is hit by Adam Larsson.
15:10 of 2nd period - Wrist shot by Jeff Skinner.
15:10 of 2nd period - Stopped by Jake Oettinger without a rebound.
15:11 of 2nd period - J.T. Compher wins face-off versus Joe Pavelski in Wild zone.
15:14 of 2nd period - Slapshot by Mathew Barzal.
15:14 of 2nd period - Shot Blocked by Alex DeBrincat.
15:38 of 2nd period - Minor Penalty to Patrice Bergeron for Holding.
15:39 of 2nd period - Elias Lindholm wins face-off versus Chris Kreider in Wild zone.
17:26 of 2nd period - Victor Hedman is hit by Ryan Nugent-Hopkins and loses puck.
17:38 of 2nd period - Penalty to Patrice Bergeron is over, Patrice Bergeron is back on ice.
17:41 of 2nd period - Snap shot by Jonathan Drouin.
17:41 of 2nd period - Stopped by Jake Oettinger with a rebound.
17:43 of 2nd period - Slapshot by Jani Hakanpaa.
17:43 of 2nd period - Deflect By Noah Cates.
17:43 of 2nd period - Deflect By Brad Marchand.
17:43 of 2nd period - Stopped by Jake Oettinger without a rebound.
17:44 of 2nd period - Noah Cates wins face-off versus Joe Pavelski in Wild zone.
17:47 of 2nd period - Backhand shot by Jonathan Drouin.
17:47 of 2nd period - Shot Blocked by Joe Pavelski.
17:58 of 2nd period - Snap shot by Jonathan Drouin.
17:58 of 2nd period - Shot Misses the Net.
18:10 of 2nd period - Slapshot by J.T. Compher.
18:10 of 2nd period - Stopped by Jake Oettinger with a rebound.
18:12 of 2nd period - Wrist shot by Victor Hedman.
18:12 of 2nd period - Goal by Victor Hedman - Canadiens : 1 - Wild : 2.
18:13 of 2nd period - Ryan O'Reilly wins face-off versus Patrice Bergeron in neutral zone.
18:43 of 2nd period - Off-side.
18:44 of 2nd period - Elias Lindholm wins face-off versus Christian Dvorak in neutral zone.
19:19 of 2nd period - Wrist shot by William Nylander.
19:19 of 2nd period - Stopped by Ilya Samsonov with a rebound.
19:27 of 2nd period - Snap shot by Elias Lindholm.
19:27 of 2nd period - Shot Misses the Net.
19:29 of 2nd period - Slapshot by Elias Lindholm.
19:29 of 2nd period - Shot Misses the Net.
19:31 of 2nd period - Slapshot by Devon Toews.
19:31 of 2nd period - Deflect By Elias Lindholm.
19:31 of 2nd period - Stopped by Ilya Samsonov with a rebound.
19:33 of 2nd period - Slapshot by Brayden McNabb.
19:33 of 2nd period - Shot Misses the Net.
19:35 of 2nd period - Snap shot by Elias Lindholm.
19:35 of 2nd period - Stopped by Ilya Samsonov with a rebound.
19:37 of 2nd period - Snap shot by Adrian Kempe.
19:37 of 2nd period - Stopped by Ilya Samsonov with a rebound.
19:39 of 2nd period - Slapshot by Mario Ferraro.
19:39 of 2nd period - Shot Blocked by Jani Hakanpaa.
19:41 of 2nd period - Wrist shot by Adrian Kempe.
19:41 of 2nd period - Stopped by Ilya Samsonov without a rebound.
19:42 of 2nd period - J.T. Compher wins face-off versus Patrice Bergeron in Canadiens zone.
Goals for this period are 1 for Canadiens vs 2 for Wild.
Shots for this period are 13 for Canadiens vs 18 for Wild.

3rd period


0:01 of 3rd period - Patrice Bergeron wins face-off versus Jeff Skinner in neutral zone.
0:50 of 3rd period - Wrist shot by Chris Kreider.
0:50 of 3rd period - Shot Blocked by Kevin Shattenkirk.
1:33 of 3rd period - Wrist shot by Ryan Nugent-Hopkins.
1:33 of 3rd period - Shot Blocked by Henri Jokiharju.
1:35 of 3rd period - Slapshot by Kevin Shattenkirk.
1:35 of 3rd period - Stopped by Ilya Samsonov without a rebound.
1:36 of 3rd period - Noah Cates wins face-off versus Patrice Bergeron in Canadiens zone.
1:41 of 3rd period - Snap shot by Victor Hedman.
1:41 of 3rd period - Shot Misses the Net.
1:43 of 3rd period - Snap shot by Nick Foligno.
1:43 of 3rd period - Stopped by Jake Oettinger with a rebound.
1:45 of 3rd period - Wrist shot by Nick Foligno.
1:45 of 3rd period - Shot Misses the Net.
1:47 of 3rd period - Slapshot by Jani Hakanpaa.
1:47 of 3rd period - Shot Misses the Net.
1:49 of 3rd period - Snap shot by Noah Cates.
1:49 of 3rd period - Stopped by Jake Oettinger without a rebound.
1:50 of 3rd period - J.T. Compher wins face-off versus Patrice Bergeron in Wild zone.
3:09 of 3rd period - Snap shot by Jonathan Drouin.
3:09 of 3rd period - Stopped by Jake Oettinger with a rebound.
3:41 of 3rd period - Off-side.
3:42 of 3rd period - Joe Pavelski wins face-off versus Ryan O'Reilly in neutral zone.
4:13 of 3rd period - Wrist shot by Andrew Mangiapane.
4:13 of 3rd period - Stopped by Jake Oettinger with a rebound.
4:15 of 3rd period - Wrist shot by Anton Lundell.
4:15 of 3rd period - Stopped by Jake Oettinger without a rebound.
4:16 of 3rd period - Ryan Nugent-Hopkins wins face-off versus Christian Dvorak in Wild zone.
4:31 of 3rd period - Victor Hedman is hit by Brad Marchand and loses puck.
4:46 of 3rd period - Snap shot by Chris Kreider.
4:46 of 3rd period - Shot Misses the Net.
5:13 of 3rd period - Wrist shot by J.T. Compher.
5:13 of 3rd period - Stopped by Jake Oettinger without a rebound.
5:14 of 3rd period - Patrice Bergeron wins face-off versus Ryan O'Reilly in Wild zone.
5:28 of 3rd period - Slapshot by Jakob Chychrun.
5:28 of 3rd period - Deflect By Jeff Skinner.
5:28 of 3rd period - Stopped by Jake Oettinger without a rebound.
5:29 of 3rd period - Elias Lindholm wins face-off versus J.T. Compher in Wild zone.
5:31 of 3rd period - Minor Penalty to Adrian Kempe for Interference.
5:32 of 3rd period - Elias Lindholm wins face-off versus Mathew Barzal in Wild zone.
5:40 of 3rd period - Mathew Barzal is hit by Elias Lindholm.
5:48 of 3rd period - Snap shot by Mathew Barzal.
5:48 of 3rd period - Stopped by Jake Oettinger with a rebound.
6:02 of 3rd period - Snap shot by Jeff Skinner.
6:02 of 3rd period - Shot Misses the Net.
6:04 of 3rd period - Slapshot by Victor Hedman.
6:04 of 3rd period - Stopped by Jake Oettinger with a rebound.
7:31 of 3rd period - Penalty to Adrian Kempe is over, Adrian Kempe is back on ice.
7:52 of 3rd period - Noah Cates is hit by Kirill Marchenko and loses puck.
7:57 of 3rd period - Snap shot by Jack Eichel.
7:57 of 3rd period - Shot Misses the Net.
7:59 of 3rd period - Snap shot by Adrian Kempe.
7:59 of 3rd period - Shot Misses the Net.
8:01 of 3rd period - Snap shot by Jack Eichel.
8:01 of 3rd period - Shot Blocked by Noah Cates.
8:11 of 3rd period - Christian Dvorak is hit by Alex DeBrincat and loses puck.
8:52 of 3rd period - Alex DeBrincat is hit by J.T. Compher and loses puck.
10:08 of 3rd period - Adam Larsson is hit by Yakov Trenin and loses puck.
10:35 of 3rd period - Icing by Patrice Bergeron.
10:36 of 3rd period - Patrice Bergeron wins face-off versus Chris Kreider in Wild zone.
10:54 of 3rd period - Snap shot by Ryan Nugent-Hopkins.
10:54 of 3rd period - Shot Misses the Net.
10:56 of 3rd period - Slapshot by Devon Toews.
10:56 of 3rd period - Deflect By Brad Marchand.
10:56 of 3rd period - Stopped by Ilya Samsonov without a rebound.
10:57 of 3rd period - Ryan O'Reilly wins face-off versus William Nylander in Canadiens zone.
11:12 of 3rd period - Snap shot by Valeri Nichushkin.
11:12 of 3rd period - Shot Misses the Net.
11:14 of 3rd period - Wrist shot by Jeff Skinner.
11:14 of 3rd period - Shot Misses the Net.
11:35 of 3rd period - Off-side.
11:36 of 3rd period - Ryan O'Reilly wins face-off versus Patrice Bergeron in neutral zone.
12:07 of 3rd period - Wrist shot by William Nylander.
12:07 of 3rd period - Shot Blocked by J.T. Compher.
12:09 of 3rd period - Snap shot by William Nylander.
12:09 of 3rd period - Stopped by Ilya Samsonov without a rebound.
12:10 of 3rd period - Elias Lindholm wins face-off versus Christian Dvorak in Canadiens zone.
12:13 of 3rd period - Snap shot by Elias Lindholm.
12:13 of 3rd period - Deflect By William Nylander.
12:13 of 3rd period - Shot Blocked by Christian Dvorak.
12:13 of 3rd period - Puck is out of play.
12:14 of 3rd period - Christian Dvorak wins face-off versus Patrice Bergeron in Canadiens zone.
13:25 of 3rd period - Mathew Barzal is hit by Devon Toews and loses puck.
13:30 of 3rd period - Snap shot by Brad Marchand.
13:30 of 3rd period - Stopped by Ilya Samsonov without a rebound.
13:31 of 3rd period - Ryan O'Reilly wins face-off versus Patrice Bergeron in Canadiens zone.
13:31 of 3rd period - Ryan O'Reilly is hit by Ryan Nugent-Hopkins.
13:43 of 3rd period - Wrist shot by Valeri Nichushkin.
13:43 of 3rd period - Stopped by Jake Oettinger without a rebound.
13:44 of 3rd period - Ryan O'Reilly wins face-off versus Patrice Bergeron in Wild zone.
14:01 of 3rd period - Snap shot by Jeff Skinner.
14:01 of 3rd period - Shot Misses the Net.
14:26 of 3rd period - Wrist shot by Valeri Nichushkin.
14:26 of 3rd period - Deflect By Jeff Skinner.
14:26 of 3rd period - Stopped by Jake Oettinger with a rebound.
14:28 of 3rd period - Slapshot by Travis Hamonic.
14:28 of 3rd period - Stopped by Jake Oettinger with a rebound.
14:30 of 3rd period - Snap shot by Jeff Skinner.
14:30 of 3rd period - Shot Blocked by Devon Toews.
14:32 of 3rd period - Slapshot by Travis Hamonic.
14:32 of 3rd period - Stopped by Jake Oettinger without a rebound.
14:33 of 3rd period - Patrice Bergeron wins face-off versus Christian Dvorak in Wild zone.
15:00 of 3rd period - Elias Lindholm is hit by Adam Larsson and loses puck.
15:05 of 3rd period - Snap shot by Mathew Barzal.
15:05 of 3rd period - Shot Blocked by William Nylander.
15:07 of 3rd period - Wrist shot by Chris Kreider.
15:07 of 3rd period - Shot Misses the Net.
18:01 of 3rd period - Icing by Ryan Nugent-Hopkins.
18:02 of 3rd period - Patrice Bergeron wins face-off versus J.T. Compher in Wild zone.
18:32 of 3rd period - Snap shot by Anton Lundell.
18:32 of 3rd period - Stopped by Jake Oettinger without a rebound.
18:33 of 3rd period - Adrian Kempe wins face-off versus Christian Dvorak in Wild zone.
18:40 of 3rd period - Wrist shot by Christian Dvorak.
18:40 of 3rd period - Shot Misses the Net.
18:47 of 3rd period - Off-side.
18:48 of 3rd period - Jim Montgomery call a timeout for Canadiens.
18:48 of 3rd period - Valeri Nichushkin wins face-off versus Patrice Bergeron in neutral zone.
18:59 of 3rd period - Canadiens, Ilya Samsonov is pulled from the net.
19:17 of 3rd period - Snap shot by Chris Kreider.
19:17 of 3rd period - Shot Misses the Net.
19:19 of 3rd period - Snap shot by Chris Kreider.
19:19 of 3rd period - Goal by Chris Kreider - Canadiens : 2 - Wild : 2.
19:19 of 3rd period - Ilya Samsonov from Canadiens was sent back in the game.
19:20 of 3rd period - Joe Pavelski wins face-off versus Andrew Mangiapane in neutral zone.
19:22 of 3rd period - Minor Penalty to Yakov Trenin for Interference.
19:23 of 3rd period - Elias Lindholm wins face-off versus Mathew Barzal in Wild zone.
19:33 of 3rd period - Slapshot by Victor Hedman.
19:33 of 3rd period - Shot Misses the Net.
19:35 of 3rd period - Backhand shot by Jakob Chychrun.
19:35 of 3rd period - Shot Blocked by Kevin Stenlund.
19:37 of 3rd period - Wrist shot by Chris Kreider.
19:37 of 3rd period - Deflect By Mathew Barzal.
19:37 of 3rd period - Shot Misses the Net.
19:37 of 3rd period - Puck is out of play.
19:38 of 3rd period - Elias Lindholm wins face-off versus Mathew Barzal in Wild zone.
19:38 of 3rd period - Elias Lindholm is hit by Jakob Chychrun.
Goals for this period are 1 for Canadiens vs 0 for Wild.
Shots for this period are 15 for Canadiens vs 4 for Wild.

Overtime #1


0:01 of 1st overtime period - Kevin Stenlund wins face-off versus Mathew Barzal in neutral zone.
0:06 of 1st overtime period - Slapshot by Brandon Carlo.
0:06 of 1st overtime period - Shot Misses the Net.
0:14 of 1st overtime period - Wrist shot by Mathew Barzal.
0:14 of 1st overtime period - Stopped by Jake Oettinger with a rebound.
1:22 of 1st overtime period - Penalty to Yakov Trenin is over, Yakov Trenin is back on ice.
1:39 of 1st overtime period - Slapshot by Ryan Nugent-Hopkins.
1:39 of 1st overtime period - Stopped by Ilya Samsonov with a rebound.
1:41 of 1st overtime period - Slapshot by Kevin Shattenkirk.
1:41 of 1st overtime period - Stopped by Ilya Samsonov without a rebound.
1:42 of 1st overtime period - Patrice Bergeron wins face-off versus Mathew Barzal in Canadiens zone.
1:43 of 1st overtime period - Wrist shot by Ryan Nugent-Hopkins.
1:43 of 1st overtime period - Stopped by Ilya Samsonov without a rebound.
1:44 of 1st overtime period - Patrice Bergeron wins face-off versus Mathew Barzal in Canadiens zone.
2:19 of 1st overtime period - Slapshot by Ryan O'Reilly.
2:19 of 1st overtime period - Shot Misses the Net.
2:33 of 1st overtime period - Snap shot by Mathew Barzal.
2:33 of 1st overtime period - Stopped by Jake Oettinger without a rebound.
2:34 of 1st overtime period - Mathew Barzal wins face-off versus Patrice Bergeron in Wild zone.
2:38 of 1st overtime period - Wrist shot by Mathew Barzal.
2:38 of 1st overtime period - Stopped by Jake Oettinger without a rebound.
2:39 of 1st overtime period - Patrice Bergeron wins face-off versus Mathew Barzal in Wild zone.
3:06 of 1st overtime period - Snap shot by Jeff Skinner.
3:06 of 1st overtime period - Shot Misses the Net.
3:14 of 1st overtime period - Backhand shot by Jeff Skinner.
3:14 of 1st overtime period - Shot Blocked by Brad Marchand.
3:16 of 1st overtime period - Snap shot by Jakob Chychrun.
3:16 of 1st overtime period - Shot Blocked by Brad Marchand.
3:18 of 1st overtime period - Slapshot by Jakob Chychrun.
3:18 of 1st overtime period - Shot Blocked by Brad Marchand.
3:49 of 1st overtime period - Icing by Kevin Shattenkirk.
3:50 of 1st overtime period - Ryan O'Reilly wins face-off versus Elias Lindholm in Wild zone.
4:21 of 1st overtime period - Slapshot by Ryan Nugent-Hopkins.
4:21 of 1st overtime period - Stopped by Ilya Samsonov without a rebound.
4:22 of 1st overtime period - Patrice Bergeron wins face-off versus Mathew Barzal in Canadiens zone.
4:46 of 1st overtime period - Icing by Valeri Nichushkin.
4:47 of 1st overtime period - Mathew Barzal wins face-off versus William Nylander in Canadiens zone.
Goals for this period are 0 for Canadiens vs 0 for Wild.
Shots for this period are 3 for Canadiens vs 4 for Wild.

ShootOut


5:00 of 1st overtime period - Round #1.
5:00 of 1st overtime period - Canadiens, Anton Lundell.
5:00 of 1st overtime period - Deke by Anton Lundell.
5:00 of 1st overtime period - Goal by Anton Lundell.
5:00 of 1st overtime period - Wild, Ryan Nugent-Hopkins.
5:00 of 1st overtime period - Backhand shot by Ryan Nugent-Hopkins.
5:00 of 1st overtime period - Stopped by Ilya Samsonov.
5:00 of 1st overtime period - Round #2.
5:00 of 1st overtime period - Canadiens, Valeri Nichushkin.
5:00 of 1st overtime period - Deke by Valeri Nichushkin.
5:00 of 1st overtime period - Shot Misses the Net.
5:00 of 1st overtime period - Wild, Patrice Bergeron.
5:00 of 1st overtime period - Snap shot by Patrice Bergeron.
5:00 of 1st overtime period - Goal by Patrice Bergeron.
5:00 of 1st overtime period - Round #3.
5:00 of 1st overtime period - Canadiens, Ryan O'Reilly.
5:00 of 1st overtime period - Backhand shot by Ryan O'Reilly.
5:00 of 1st overtime period - Stopped by Jake Oettinger.
5:00 of 1st overtime period - Wild, William Nylander.
5:00 of 1st overtime period - Deke by William Nylander.
5:00 of 1st overtime period - Shot Misses the Net.
5:00 of 1st overtime period - Round #4.
5:00 of 1st overtime period - Canadiens, Chris Kreider.
5:00 of 1st overtime period - Snap shot by Chris Kreider.
5:00 of 1st overtime period - Shot Misses the Net.
5:00 of 1st overtime period - Wild, Brad Marchand.
5:00 of 1st overtime period - Deke by Brad Marchand.
5:00 of 1st overtime period - Goal by Brad Marchand.




Output by the SimonT Hockey Simulator (STHS) for Eric Tremblay - Original Page W3C HTML5 Valid
Hockey Simulator - Hockey Simulation - Hockey Manager